 Dungeon Crawl Stone Soup version 0.23-a0-395-gcf17ac6 (webtiles) character file.

417 Cryolive the Digger (level 6, 0/36 HPs)
             Began as a Gargoyle Earth Elementalist on Nov 1, 2018.
             Was a Follower of Vehumet.
             Slain by a killer bee (4 damage)
             ... on level 4 of the Dungeon.
             The game lasted 00:09:11 (3812 turns).

Cryolive the Digger (Gargoyle Earth Elementalist)   Turns: 3812, Time: 00:09:13

Health: 0/36       AC:  6    Str: 12    XL:     6   Next: 92%
Magic:  0/10       EV: 12    Int: 17    God:    Vehumet [*.....]
Gold:   209        SH:  0    Dex: 10    Spells: 1/11 levels left

rFire    . . .     SeeInvis .   v - +0 flail
rCold    . . .     Gourm    .   (no shield)
rNeg     + . .     Faith    .   c - +0 robe
rPois    ∞         Spirit   .   (no helmet)
rElec    +         Reflect  .   (no cloak)
rCorr    .         Harm     .   (no gloves)
MR       .....                  (no boots)
Stlth    ++........             (no amulet)
HPRegen  0.12/turn              (no ring)
MPRegen  0.12/turn              (no ring)

@: no status effects
A: negative energy resistance 1, electricity resistance, unbreathing,
petrification resistance, rot immunity, AC +4
a: Renounce Religion


You were on level 4 of the Dungeon.
You worshipped Vehumet.
Vehumet was aware of your devotion.
You were not hungry.

You visited 1 branch of the dungeon, and saw 4 of its levels.

You collected 209 gold pieces.

Inventory:

Hand Weapons
 v - a +0 flail (weapon)
Missiles
 b - 104 stones (quivered)
Armour
 c - a +0 robe (worn)
Wands
 m - a wand of iceblast (7)
 r - a wand of scattershot (6)
Scrolls
 e - 3 scrolls of teleportation {unknown}
 g - 2 scrolls of blinking {unknown}
 j - 3 scrolls of remove curse {unknown}
 o - a scroll of immolation {unknown}
 s - a scroll of enchant armour {unknown}
 t - a scroll of amnesia {unknown}
Potions
 a - a potion of heal wounds
 h - 2 potions of lignification
 k - 2 potions of agility
 l - a potion of curing
 n - a potion of degeneration
 p - a potion of might
 q - a potion of brilliance {unknown}
Comestibles
 d - 8 rations


   Skills:
 + Level 2.9 Fighting
 + Level 2.9 Armour
 + Level 2.7 Dodging
 - Level 2.1 Stealth
 + Level 3.2 Spellcasting
 + Level 1.0 Conjurations
   Level 0.7 Transmutations
 + Level 1.0 Fire Magic
 + Level 5.0 Earth Magic
 + Level 0.7 Evocations


You had one spell level left.
You knew the following spells:

 Your Spells              Type           Power        Failure   Level  Hunger
a - Sandblast             Erth           ###...       2%          1    None
b - Stone Arrow           Conj/Erth      ##....       14%         3    ###....
c - Lee's Rapid Deconstr  Erth           ###.......   52%         5    ######.
d - Flame Tongue          Conj/Fire      #....        11%         1    None

Your spell library contained the following spells:

 Spells                   Type           Power        Failure   Level  Hunger
 Passwall                 Tmut/Erth      ##......     8%          2    ##.....
 Petrify                  Tmut/Erth      ##......     45%         4    ####...


Dungeon Overview and Level Annotations

Branches:
Dungeon (4/15)
 Temple: D:4-7

Altars:
Ashenzari
Vehumet
Yredelemnul
The Shining One


Innate Abilities, Weirdness & Mutations

You are resistant to torment.
Your stone body is resilient. (AC +4)
You are immune to poison.
You resist negative energy. (rN+)
You are resistant to electric shocks. (rElec)
You can survive without breathing.
You are immune to petrification.
You are immune to rotting.


Message History

Press: ? - help, Shift-Dir - straight line, f/p - killer bee
Aim: a killer bee (lightly wounded)
The blast of sand misses the killer bee.
b - 104 stones The killer bee closely misses you.
The killer bee barely misses you.
Casting: Sandblast (safe; 2% risk of failure)
Confirm with . or Enter, or press ? or * to list all spells.
You don't have enough magic to cast that spell.
Unknown command.
You closely miss the killer bee.
The killer bee is lightly wounded.
The killer bee closely misses you. The killer bee barely misses you.
The killer bee stings you but does no damage.
You barely miss the killer bee.
The killer bee is lightly wounded.
The killer bee stings you!
* * * LOW HITPOINT WARNING * * *
The killer bee stings you but does no damage.
The killer bee stings you.
You die...

##..# ##..#
..... #...#
#8..8##...#
#........#
#........
#...$...#
.#.......###...
.......@.......
.#....y..###...
####.##.# ###.
.. #.. ... #.#
#### #.# #<#
#.#


You could see a killer bee.

Vanquished Creatures
  3 killer bees
  4 jellies (D:3)
  3 adders
  8 oozes (D:3)
  A worm (D:3)
  3 leopard geckos
  6 orcs (D:3)
  4 giant cockroaches
  5 goblins
  6 hobgoblins
  18 jackals
  16 kobolds
  A quokka (D:3)
  A ball python (D:1)
  8 bats
  3 frilled lizards (D:1)
  5 rats
95 creatures vanquished.

Vanquished Creatures (others)
  2 fungi (D:3)
  11 toadstools (D:3)
13 creatures vanquished.

Grand Total: 108 creatures vanquished

Notes
Turn   | Place    | Note
-------+----------+-------------------------------------------
     0 | D:1      | Cryolive the Gargoyle Earth Elementalist began the quest
                  | for the Orb.
     0 | D:1      | Reached XP level 1. HP: 10/10 MP: 3/3
   181 | D:1      | Reached XP level 2. HP: 12/16 MP: 5/5
   614 | D:1      | Reached skill level 1 in Armour
   645 | D:1      | Reached skill level 1 in Fighting
   675 | D:1      | Reached XP level 3. HP: 7/20 MP: 6/6
  1022 | D:1      | Reached skill level 4 in Earth Magic
  1601 | D:2      | Found a radiant altar of Vehumet.
  1601 | D:2      | Found a glowing golden altar of the Shining One.
  1602 | D:2      | Found a basalt altar of Yredelemnul.
  1607 | D:2      | Became a worshipper of Vehumet
  1623 | D:2      | Reached XP level 4. HP: 17/25 MP: 7/7
  1817 | D:2      | Found a shattered altar of Ashenzari.
  2133 | D:3      | Reached XP level 5. HP: 18/30 MP: 4/9
  2163 | D:3      | HP: 1/30 [acid (7)]
  2795 | D:3      | Reached * piety under Vehumet
  2795 | D:3      | Offered knowledge of Flame Tongue by Vehumet.
  2873 | D:3      | Reached XP level 6. HP: 35/36 MP: 10/10
  2901 | D:3      | Learned a level 3 spell: Stone Arrow
  2903 | D:3      | Learned a level 1 spell: Flame Tongue
  2909 | D:3      | Learned a level 5 spell: Lee's Rapid Deconstruction
  3807 | D:4      | Reached skill level 1 in Conjurations
  3807 | D:4      | Reached skill level 1 in Fire Magic
  3807 | D:4      | Reached skill level 5 in Earth Magic
  3812 | D:4      | Slain by a killer bee

Vault maps used:
D:1:      lightli_arrival_isolated_outpost, minmay_shallow_snake_nest
D:2:      ashenzari_conservatory_becter, gammafunk_temple_overflow_forgotten
D:3:      cheibrodos_fertilizer, first_ration
D:4:      minitemple, serial_forest, infiniplex_forest_clump_diagonal,
          infiniplex_forest_clump_long, infiniplex_forest_fountain,
          infiniplex_forest_clump_medium, sigmund_edmund_badplayer

Skill      XL: |  1  2  3  4  5  6 |
---------------+-------------------+-----
Armour         | 1 2 |  2.9
Fighting       | 1 2 |  2.9
Earth Magic    | 4 5 |  5.0
Dodging        | 2 |  2.7
Spellcasting   | 3 |  3.2
Conjurations   | 1 |  1.0
Fire Magic     | 1 |  1.0
Stealth        | |  2.1
Transmutations | |  0.7
Evocations     | |  0.7

Action                   |  1- 3 |  4- 6 || total
-------------------------+-------+-------++-------
Melee: Dagger            |   136 |       ||   136
       Unarmed           |    11 |       ||    11
       Mace              |    43 |   156 ||   199
       Flail             |       |    20 ||    20
 Cast: Sandblast         |     8 |    39 ||    47
  Use: Scroll            |       |     6 ||     6
 Stab: Sleeping          |     8 |     1 ||     9
  Eat: Chunk             |     2 |     5 ||     7
       Ration            |       |     1 ||     1
Armor: Robe              |    59 |    93 ||   152
Dodge: Dodged            |   143 |   190 ||   333

Table legend:
 A = Non-vault XP
 B = Vault XP
 C = Vault XP percentage of total XP
 D = Non-vault monster count
 E = Vault monster count
 F = Vault count percentage of total count
                 A         B        C        D         E       F
            +---------+---------+-------+---------+---------+-------
      Total |     402 |     194 |  32.6 |      77 |      18 |  18.9
            +---------+---------+-------+---------+---------+-------
        D:1 |      46 |       1 |   2.1 |      26 |       1 |   3.7
        D:2 |      38 |       0 |   0.0 |      14 |       0 |   0.0
        D:3 |     255 |     193 |  43.1 |      35 |      17 |  32.7
        D:4 |      63 |       0 |   0.0 |       2 |       0 |   0.0
            +---------+---------+-------+---------+---------+-------
